 Dungeon Crawl Stone Soup version 0.26.1-11-gd32895ea62 (webtiles) character file.

Game seed: 12459800017142154567

112 Zeld the Chopper (level 4, -5/39 HPs)
             Began as a Minotaur Berserker on May 23, 2021.
             Was a Priest of Trog.
             Killed by divine providence
             ... invoked by an orc priest
              (13 damage)
             ... on level 3 of the Dungeon.
             The game lasted 00:01:39 (2500 turns).

Zeld the Chopper (Minotaur Berserker)               Turns: 2500, Time: 00:01:40

Health: -5/39      AC:  1    Str: 23    XL:     4   Next: 64%
Magic:  3/3        EV: 12    Int:  4    God:    Trog [***...]
Gold:   90         SH:  0    Dex:  9    Spells: 3/3 levels left

rFire    . . .     SeeInvis .   a - +0 hand axe
rCold    . . .     Faith    .   (no shield)
rNeg     . . .     Spirit   .   (no armour)
rPois    .         Reflect  .   (helmet restricted)
rElec    .         Harm     .   g - +0 cloak
rCorr    .         Rampage  .   (no gloves)
Will     ++...                  (no boots)
Stlth    +.........             (no amulet)
HPRegen  1.13/turn              (no ring)
MPRegen  0.08/turn              (no ring)

@: regenerating
A: retaliatory headbutt, horns 2
a: Renounce Religion, Berserk, Trog's Hand


You were on level 3 of the Dungeon.
You worshipped Trog.
Trog was most pleased with you.
You visited 1 branch of the dungeon, and saw 3 of its levels.

You collected 90 gold pieces.

Inventory:

Hand Weapons
 a - a +0 hand axe (weapon)
Armour
 g - a +0 cloak (worn)
Scrolls
 b - 2 scrolls of identify {unknown}
 c - 2 scrolls of enchant weapon {unknown}
 e - a scroll of blinking {unknown}
 f - 2 scrolls of teleportation {unknown}
 i - a scroll of amnesia {unknown}
 l - a scroll of remove curse {unknown}
 m - a scroll of fog {unknown}
Potions
 d - a potion of magic {unknown}
 h - 2 potions of might {unknown}
 j - a potion of flight {unknown}
 k - a potion of degeneration {unknown}
 n - a potion of invisibility {unknown}
 o - a potion of curing {unknown}


   Skills:
 - Level 3.6 Fighting
 * Level 6.6 Axes
 - Level 2.4 Armour
 - Level 2.1 Dodging


You had 3 spell levels left.
You didn't know any spells.
Your spell library was empty.

Dungeon Overview and Level Annotations

Branches:
Dungeon (3/15)

Altars:
Okawaru
Trog


Innate Abilities, Weirdness & Mutations

You reflexively headbutt those who attack you in melee.
You have a pair of horns on your head.


Message History

The orc barely misses you.
The orc priest invokes the aid of Beogh against you.
Beogh smites you!
* * * LOW HITPOINT WARNING * * *
You are too injured to fight recklessly!
You are too injured to fight recklessly!
Found a leather armour.
Found a stone staircase leading down.
Your skin crawls.
You feel strong-willed. The orc misses you.
The orc priest calls upon Beogh to heal the orc priest.
The orc priest is healed somewhat.
The orc priest miscasts a cantrip.
The orc priest calls down the wrath of Beogh upon you.
Beogh smites you!
* * * LOW HITPOINT WARNING * * *
The orc priest mumbles some strange prayers to Beogh against you.
Beogh smites you!
You die...

#......## .#.# ###..###.###
.#.# .....#####....# #...# .#.#
...........#..###.#.# .#.#
...#########..<...#.# .#.# #..#
#..#.###.# .#.# #..# #..#.# #.#
.#.# #..# ##..#.###.####.#
.#.###..# ##@..#....#.....#
........# #.###.####.####.#
.#.###..#######o# #.........#
................###.####.##.#
.........>..##o#...## ##.##.#.#
..##.#..######.########.......#
#.......######o..........##.###
#.##............######.### #
#.##.#.########.# #.###


You could see 2 orc priests and an orc.

Vanquished Creatures
  3 adders
  An ooze (D:1)
  3 worms
  2 dart slugs
  A leopard gecko (D:1)
  5 orcs (D:3)
  4 giant cockroaches
  4 goblins
  8 hobgoblins
  4 jackals (D:1)
  A quokka (D:3)
  2 ball pythons (D:2)
  4 bats
  4 frilled lizards
  7 kobolds
  7 rats
60 creatures vanquished.

Notes
Turn   | Place    | Note
-------+----------+-------------------------------------------
     0 | D:1      | Zeld the Minotaur Berserker began the quest for the Orb.
     0 | D:1      | Reached XP level 1. HP: 19/19 MP: 0/0
    41 | D:1      | Reached skill level 4 in Axes
    44 | D:1      | Reached XP level 2. HP: 10/26 MP: 1/1
   507 | D:1      | Reached skill level 5 in Axes
   698 | D:1      | Reached ** piety under Trog
   699 | D:1      | Reached XP level 3. HP: 31/31 MP: 2/2
  1414 | D:2      | Reached skill level 6 in Axes
  1414 | D:2      | Reached XP level 4. HP: 31/39 MP: 3/3
  1975 | D:3      | Found a bloodstained altar of Trog.
  1977 | D:3      | Found an iron altar of Okawaru.
  2218 | D:3      | Reached *** piety under Trog
  2500 | D:3      | Killed from afar by an orc priest

Illustrated notes

Levels and vault maps discovered:
D:1:      matt_arrival_diagonals, layout_rooms, nrook_loot_triangle,
          minmay_misc_feat_alley, minmay_splitting_lines, chequers_big_river,
          supply_closet_lemuel, minivault_11
D:2:      layout_rooms, serial_glass, glass_columns_b, glass_columns_c
D:3:      layout_loops_ring, grunt_temple_overflow_open,
          kennysheep_generic_room_7

Skill      XL: |  1  2  3 |
---------------+----------+-----
Axes           | 4 5 6 |  6.6
Fighting       | |  3.6
Armour         | |  2.4
Dodging        | |  2.1

Action                   |  1- 3 |  4- 6 || total
-------------------------+-------+-------++-------
Melee: Hand axe          |    64 |    54 ||   118
       Headbutt          |     7 |    12 ||    19
Invok: Trog's Hand       |       |     1 ||     1
 Stab: Sleeping          |       |     1 ||     1
Armor: Skin              |     6 |     1 ||     7
Dodge: Dodged            |    38 |    36 ||    74
